 Dungeon Crawl Stone Soup version 0.29.0-13-gc9e81de378 (webtiles) character file.

Game seed: 697398374638495243

95 Anothat the Shield-Bearer (level 4, 0/37 HPs)
             Began as a Formicid Fighter on Sept 9, 2022.
             Slain by a goblin
             ... wielding a +0 club
             ... led by Robin
              (5 damage)
             ... on level 3 of the Dungeon.
             The game lasted 00:02:00 (1480 turns).

Anothat the Shield-Bearer (Formicid Fighter)        Turns: 1480, Time: 00:02:00

Health: 0/37       AC:  6    Str: 21    XL:     4   Next: 95%
Magic:  4/4        EV: 10    Int:  7    God:
Gold:   131        SH:  5    Dex: 15    Spells: 3/3 levels left

rFire   . . .      SeeInvis +   a - +0 long sword
rCold   . . .      Faith    .   c - +0 buckler
rNeg    + . .      Spirit   .   b - +0 scale mail
rPois   .          Reflect  .   (helmet unavailable)
rElec   .          Harm     .   (no cloak)
rCorr   .          Rampage  .   (no gloves)
Will    .....                   (no boots)
Stlth   ..........              (no amulet)
HPRegen 0.12/turn               l - ring of positive energy
MPRegen 0.09/turn               (no ring)

@: silenced
A: permanent stasis, dig shafts and tunnels, antennae 3, four strong arms
a: Dig, Shaft Self


You were on level 3 of the Dungeon.
You visited 1 branch of the dungeon, and saw 3 of its levels.

You collected 131 gold pieces.

Inventory:

Hand Weapons
 a - a +0 long sword (weapon)
Armour
 b - a +0 scale mail (worn)
 c - a +0 buckler (worn)
Jewellery
 l - a ring of positive energy (left hand)
Scrolls
 i - a scroll of identify {unknown}
 j - a scroll of immolation {unknown}
 m - a scroll of poison {unknown}
Potions
 d - a potion of might
 f - a potion of resistance {unknown}
 g - a potion of curing {unknown}
 k - a potion of ambrosia {unknown}


   Skills:
 + Level 3.8 Fighting
 * Level 3.3 Long Blades
 - Level 3.2 Armour
 + Level 1.3 Dodging
 + Level 4.7 Shields


You had 3 spell levels left.
You didn't know any spells.
Your spell library contained the following spells:

 Spells                   Type           Power      Damage    Failure   Level
 Animate Dead             Necr           0%         N/A       100%        4
 Haunt                    Necr/Summ      0%         N/A       100%        7
 Infestation              Necr           0%         N/A       100%        8


Dungeon Overview and Level Annotations

Branches:
Dungeon (3/15)

Altars:

Shops:
D:2 :

Annotations:
D:3 Robin


Innate Abilities, Weirdness & Mutations

You cannot be hasted, slowed, berserked, paralysed or teleported.
You can dig through walls and to a lower floor.
You have a pair of large antennae on your head. (SInv)
Your four strong arms can wield two-handed weapons with a shield.


Message History

The goblin hits you with a +0 club. The goblin closely misses you.
The goblin hits you with a +0 club.
You completely miss the goblin.
A hobgoblin comes into view.
The goblin misses you. The goblin hits you with a +0 club.
You block the goblin's attack. The goblin hits you with a +0 club.
Okay, then.
Okay, then.
You barely miss the goblin.
The goblin is severely wounded.
You block the goblin's attack. The goblin hits you with a +0 club.
The goblin hits you with a +0 dagger. You block the goblin's attack. x2
The goblin hits you with a +0 club. The goblin closely misses you.
The goblin hits you with a +0 club.
* * * LOW HITPOINT WARNING * * *
You hit the goblin.
You kill the goblin!
You block the goblin's attack. The goblin hits you but does no damage.
The goblin barely misses you.
Okay, then.
As you read the scroll labelled VIRIREVVICS, it crumbles to dust.
You feel a strange sense of stasis.
It was a scroll of teleportation.
An ufetubus comes into view.
The goblin barely misses you. The goblin hits you with a +0 dagger.
* * * LOW HITPOINT WARNING * * *
You block the goblin's attack. The goblin barely misses you.
As you read the scroll labelled BOM ICELETT, it crumbles to dust.
A profound silence engulfs you.
It was a scroll of silence.
The goblin hits you but does no damage. x2; The goblin misses you.
The goblin hits you with a +0 dagger.
* * * LOW HITPOINT WARNING * * *
Magic scrolls do not work when you're silenced!
You hit the goblin.
You kill the goblin!
The goblin hits you with a +0 dagger.
* * * LOW HITPOINT WARNING * * *
The goblin hits you but does no damage. The goblin closely misses you.
The adder bites you but does no damage.
You hit the goblin but do no damage. The goblin hits you with a +0 club.
You die...

{ . { {
...g##########{
...gggg@g....#.#
....g##gS.<....#
......gg...#......
. ...##.#.........
#.# #.#.!..##### .
#.#.##.# #.#.# .#
....# .# #. #


You could see Robin, an adder, 4 hobgoblins and 5 goblins.

Vanquished Creatures
  Terence (D:2)
  2 adders (D:2)
  6 bats
  10 endoplasms
  3 giant cockroaches (D:2)
  3 hobgoblins (D:1)
  2 kobolds
  3 quokkas
  5 ball pythons
  2 frilled lizards
  8 goblins
  6 rats
51 creatures vanquished.

Notes
Turn   | Place    | Note
-------+----------+-------------------------------------------
     0 | D:1      | Anothat the Formicid Fighter began the quest for the Orb.
     0 | D:1      | Reached XP level 1. HP: 18/18 MP: 1/1
   154 | D:1      | Reached XP level 2. HP: 18/24 MP: 2/2
   429 | D:1      | Reached XP level 3. HP: 28/29 MP: 3/3
   768 | D:2      | Noticed Terence
   776 | D:2      | Killed Terence
   777 | D:2      | Reached skill level 1 in Dodging
   777 | D:2      | Reached XP level 4. HP: 22/37 MP: 4/4
  1201 | D:2      | Found Anowk's Book Shoppe.
  1467 | D:3      | Noticed Robin
  1480 | D:3      | Slain by a goblin

Illustrated notes

Levels and vault maps discovered:
D:1:      dpeg_arrival_short_road, layout_rooms
D:2:      layout_basic, serial_shops, shop, uniq_terence
D:3:      layout_basic, uniq_robin, uniq_pargi

Skill      XL: |  1  2  3 |
---------------+----------+-----
Long Blades    | 3 |  3.3
Dodging        | 1 |  1.3
Fighting       | |  3.8
Armour         | |  3.2
Shields        | |  4.7

Action                   |  1- 3 |  4- 6 || total
-------------------------+-------+-------++-------
Melee: Long sword        |    92 |    60 ||   152
  Use: Scroll            |       |     2 ||     2
Armor: Scale mail        |    53 |    30 ||    83
Dodge: Dodged            |    51 |    37 ||    88
Block: Buckler           |    26 |    24 ||    50
